 Dungeon Crawl Stone Soup version 0.27-a0-1189-gb8eb6cee8e (webtiles) character file.

Game seed: 8241892084472845687

206 Froggeryz the Chiller (level 5, -2/38 HPs)
             Began as a Gnoll Ice Elementalist on May 23, 2021.
             Was an Initiate of Cheibriados.
             Slain by a killer bee zombie (7 damage)
             ... on level 4 of the Dungeon.
             The game lasted 00:06:42 (3857 turns).

Froggeryz the Chiller (Gnoll Ice Elementalist)      Turns: 3857, Time: 00:06:43

Health: -2/38      AC:  4    Str:  9    XL:     5   Next: 84%
Magic:  18/21      EV: 13    Int: 16    God:    Cheibriados [......]
Gold:   127        SH:  0    Dex: 13    Spells: 8/14 levels left

rFire    . . .     SeeInvis .   c - +0 hunting sling (flame)
rCold    . . .     Faith    .   (no shield)
rNeg     + . .     Spirit   .   a - +0 robe
rPois    .         Reflect  .   g - +0 helmet
rElec    .         Harm     .   (no cloak)
rCorr    .         Rampage  .   (no gloves)
Will     .....                  u - +0 pair of boots
Stlth    +++.......             (no amulet)
HPRegen  0.12/turn              j - ring of positive energy
MPRegen  0.17/turn              v - ring of magical power

@: very slow
A: fangs 1, strong nose, distributed training
a: Renounce Religion, Bend Time


You were on level 4 of the Dungeon.
You worshipped Cheibriados.
Cheibriados was noncommittal.
You visited 1 branch of the dungeon, and saw 4 of its levels.

You collected 127 gold pieces.

Inventory:

Hand Weapons
 c - a +0 hunting sling of flaming (weapon)
Missiles
 d - 36 sling bullets (quivered ammo)
 n - 7 stones
Armour
 a - a +0 robe (worn)
 g - a +0 helmet (worn)
 u - a +0 pair of boots (worn)
Jewellery
 j - a ring of positive energy (left hand)
 t - an amulet of faith
 v - a ring of magical power (right hand)
 w - an amulet of guardian spirit
Scrolls
 b - a scroll of enchant armour {unknown}
 e - a scroll of noise {unknown}
 h - a scroll of vulnerability {unknown}
 m - 2 scrolls of immolation {unknown}
 q - a scroll of identify {unknown}
 s - a scroll of magic mapping {unknown}
Potions
 f - a potion of haste {unknown}
 i - 3 potions of flight {unknown}
 k - 2 potions of might {unknown}
 l - a potion of curing {unknown}
 o - a potion of magic {unknown}
 p - a potion of mutation {unknown}
 r - 2 potions of degeneration {unknown}


   Skills:
 + Level 1.6 Fighting
 + Level 1.6 Short Blades
 + Level 1.6 Long Blades
 + Level 1.6 Axes
 + Level 1.6 Maces & Flails
 + Level 1.6 Polearms
 + Level 1.6 Staves
 + Level 1.6 Slings
 + Level 1.6 Bows
 + Level 1.6 Crossbows
 + Level 1.6 Throwing
 + Level 1.6 Armour
 + Level 4.8 Dodging
 + Level 4.5 Stealth
 + Level 1.6 Shields
 + Level 1.6 Unarmed Combat
 + Level 5.2 Spellcasting
 + Level 1.3 Conjurations
 + Level 1.3 Hexes
 + Level 1.3 Summonings
 + Level 1.3 Necromancy
 + Level 1.3 Translocations
 + Level 1.3 Transmutations
 + Level 1.3 Fire Magic
 + Level 7.2 Ice Magic
 + Level 1.3 Air Magic
 + Level 1.3 Earth Magic
 + Level 1.3 Poison Magic
 + Level 1.9 Invocations
 + Level 1.6 Evocations


You had 8 spell levels left.
You knew the following spells:

 Your Spells              Type           Power      Damage    Failure   Level
a - Freeze                Ice            100%       1d11      1%          1
b - Frozen Ramparts       Ice            54%        1d7       2%          3
c - Blink                 Tloc           N/A        N/A       13%         2

Your spell library contained the following spells:

 Spells                   Type           Power      Damage    Failure   Level
 Ozocubu's Armour         Ice            27%        N/A       2%          3
 Ensorcelled Hibernation  Hex/Ice        34%        N/A       3%          2
 Corona                   Hex            8%         N/A       9%          1
 Foxfire                  Conj/Fire      32%        2x1d5     9%          1
 Magic Dart               Conj           32%        1d4       9%          1
 Call Imp                 Summ           8%         N/A       13%         2
 Slow                     Hex            8%         N/A       13%         2
 Confusing Touch          Hex            8%         N/A       26%         3
 Conjure Flame            Conj/Fire      8%         6-21      26%         3
 Dazzling Flash           Conj/Hex       16%        N/A       26%         3
 Inner Flame              Hex/Fire       8%         N/A       26%         3
 Mephitic Cloud           Conj/Pois/Air  8%         N/A       26%         3
 Tukima's Dance           Hex            8%         N/A       26%         3
 Hailstorm                Conj/Ice       17%        3d6       26%         4
 Metabolic Englaciation   Hex/Ice        8%         N/A       56%         5
 Sticky Flame             Conj/Fire      8%         2d3       65%         4
 Fireball                 Conj/Fire      4%         3d4       94%         5


Dungeon Overview and Level Annotations

Branches:
Dungeon (4/15)
 Temple: D:4-7

Altars:
Cheibriados
Dithmenos
Elyvilon
Fedhas
Hepliaklqana
Makhleb
Nemelex Xobeh
Okawaru
Qazlal
Ru
Uskayaw
Yredelemnul
The Shining One

Shops:
D:1 :


Innate Abilities, Weirdness & Mutations

You have very sharp teeth.
Your uncanny sense of smell can sniff out nearby items.
Your experience applies equally to all skills.


Message History

The killer bee zombie hits you but does no damage.
The killer bee zombie resists.
The wall freezes the killer bee zombie.
The killer bee zombie closely misses you.
The killer bee zombie resists.
The wall freezes the killer bee zombie.
The killer bee zombie closely misses you.
Fire: 40 sling bullets
Press: ? - help, Q - select action, (/) - cycle Shift-Dir - straight line, f/p - killer bee zombie
Aim: a killer bee zombie (heavily damaged, 43% to hit)
You shoot a sling bullet.
The sling bullet hits the killer bee zombie.
The sling bullet burns the killer bee zombie.
The killer bee zombie is severely damaged.
The frozen ramparts melt away.
The killer bee zombie hits you but does no damage.
The killer bee zombie hits you.
* * * LOW HITPOINT WARNING * * *
Fire: 39 sling bullets
Press: ? - help, Q - select action, (/) - cycle Shift-Dir - straight line, f/p - killer bee zombie
Aim: a killer bee zombie (severely damaged, 43% to hit)
You shoot a sling bullet.
The sling bullet hits the killer bee zombie.
The sling bullet burns the killer bee zombie.
The killer bee zombie is almost destroyed.
The killer bee zombie misses you. The killer bee zombie hits you.
* * * LOW HITPOINT WARNING * * *
Fire: 38 sling bullets
Press: ? - help, Q - select action, (/) - cycle Shift-Dir - straight line, f/p - killer bee zombie
Aim: a killer bee zombie (almost destroyed, 43% to hit)
You shoot a sling bullet.
The sling bullet closely misses the killer bee zombie.
The killer bee zombie misses you. The killer bee zombie hits you.
* * * LOW HITPOINT WARNING * * *
Fire: 37 sling bullets
Press: ? - help, Q - select action, (/) - cycle Shift-Dir - straight line, f/p - killer bee zombie
Aim: a killer bee zombie (almost destroyed, 43% to hit)
You shoot a sling bullet.
The sling bullet closely misses the killer bee zombie.
The killer bee zombie hits you but does no damage.
The killer bee zombie hits you!
You die...

# #. #### # #. 888#
# #. ..8## #. ...#
#. 8.# #( #.#
#Z######.##########
#.@................
#################.#
#...#<..# #.#
#.#.###.# #.#
#.#.....# #.#
##.##########.#
#.............#
##.############
#........#


You could see a killer bee zombie.

Vanquished Creatures
  An iguana (D:3)
  8 gnolls
  An adder (D:2)
  A worm (D:3)
  2 dart slugs
  6 orcs
  7 bats
  10 endoplasms
  3 giant cockroaches
  4 goblins
  5 hobgoblins
  6 jackals
  6 quokkas
  5 ball pythons
  7 frilled lizards
  6 kobolds
  3 rats
81 creatures vanquished.

Notes
Turn   | Place    | Note
-------+----------+-------------------------------------------
     0 | D:1      | Froggeryz the Gnoll Ice Elementalist began the quest for
                  | the Orb.
     0 | D:1      | Reached XP level 1. HP: 13/13 MP: 6/6
   102 | D:1      | Found Migaliewn's Book Boutique.
   213 | D:1      | Reached XP level 2. HP: 19/19 MP: 5/7
   726 | D:1      | Reached XP level 3. HP: 25/25 MP: 7/9
   750 | D:1      | Found a faded altar of an unknown god.
   858 | D:1      | Reached skill level 5 in Spellcasting
  1262 | D:2      | Learned a level 3 spell: Frozen Ramparts
  1269 | D:2      | Reached skill level 1 in Invocations
  1541 | D:2      | Reached skill level 1 in Fighting
  1541 | D:2      | Reached skill level 1 in Short Blades
  1541 | D:2      | Reached skill level 1 in Long Blades
  1541 | D:2      | Reached skill level 1 in Axes
  1541 | D:2      | Reached skill level 1 in Maces & Flails
  1541 | D:2      | Reached skill level 1 in Polearms
  1541 | D:2      | Reached skill level 1 in Staves
  1541 | D:2      | Reached skill level 1 in Slings
  1541 | D:2      | Reached skill level 1 in Bows
  1541 | D:2      | Reached skill level 1 in Crossbows
  1541 | D:2      | Reached skill level 1 in Throwing
  1541 | D:2      | Reached skill level 1 in Armour
  1541 | D:2      | Reached skill level 1 in Shields
  1541 | D:2      | Reached skill level 1 in Unarmed Combat
  1541 | D:2      | Reached skill level 1 in Evocations
  1592 | D:2      | Reached XP level 4. HP: 32/32 MP: 9/11
  2812 | D:3      | Reached skill level 1 in Conjurations
  2812 | D:3      | Reached skill level 1 in Hexes
  2812 | D:3      | Reached skill level 1 in Summonings
  2812 | D:3      | Reached skill level 1 in Necromancy
  2812 | D:3      | Reached skill level 1 in Translocations
  2812 | D:3      | Reached skill level 1 in Transmutations
  2812 | D:3      | Reached skill level 1 in Fire Magic
  2812 | D:3      | Reached skill level 1 in Air Magic
  2812 | D:3      | Reached skill level 1 in Earth Magic
  2812 | D:3      | Reached skill level 1 in Poison Magic
  3056 | D:3      | Found a hide-covered altar of Uskayaw.
  3078 | D:3      | Reached XP level 5. HP: 29/37 MP: 8/12
  3164 | D:3      | Found a white marble altar of Elyvilon.
  3164 | D:3      | Found a sparkling altar of Nemelex Xobeh.
  3168 | D:3      | Found a stormy altar of Qazlal.
  3559 | D:4      | Found a glowing golden altar of the Shining One.
  3676 | D:4      | Found a blossoming altar of Fedhas.
  3680 | D:4      | Learned a level 2 spell: Blink
  3680 | D:4      | Found a hazy altar of Hepliaklqana.
  3680 | D:4      | Found a basalt altar of Yredelemnul.
  3683 | D:4      | Found a snail-covered altar of Cheibriados.
  3683 | D:4      | Found an iron altar of Okawaru.
  3693 | D:4      | Found a burning altar of Makhleb.
  3693 | D:4      | Found a sacrificial altar of Ru.
  3694 | D:4      | Found a shadowy altar of Dithmenos.
  3727 | D:4      | Became a worshipper of Cheibriados the Contemplative
  3857 | D:4      | Slain by a killer bee zombie

Illustrated notes

Levels and vault maps discovered:
D:1:      lemuel_arrival_hallway, layout_loops_ring,
          ebering_ecumenical_altar_rust, serial_shops,
          nicolae_shop_temple_entry_statues_fountains, minmay_close_crescents
D:2:      minmay_spotlight, layout_basic
D:3:      layout_loops_corners, minitemple, hangedman_decor_slide_cut,
          grunt_decor_junction, st_stairs_13, grunt_ministairs_11
D:4:      layout_basic, nicolae_tso_carved_into_rock,
          grunt_temple_overflow_open, minmay_temple_entry_statues, uniq_menkaure

Skill      XL: |  1  2  3  4 |
---------------+-------------+-----
Spellcasting   | 5 |  5.2
Invocations    | 1 |  1.9
Fighting       | 1 |  1.6
Short Blades   | 1 |  1.6
Long Blades    | 1 |  1.6
Axes           | 1 |  1.6
Maces & Flails | 1 |  1.6
Polearms       | 1 |  1.6
Staves         | 1 |  1.6
Slings         | 1 |  1.6
Bows           | 1 |  1.6
Crossbows      | 1 |  1.6
Throwing       | 1 |  1.6
Armour         | 1 |  1.6
Shields        | 1 |  1.6
Unarmed Combat | 1 |  1.6
Evocations     | 1 |  1.6
Conjurations   | 1 |  1.3
Hexes          | 1 |  1.3
Summonings     | 1 |  1.3
Necromancy     | 1 |  1.3
Translocations | 1 |  1.3
Transmutations | 1 |  1.3
Fire Magic     | 1 |  1.3
Air Magic      | 1 |  1.3
Earth Magic    | 1 |  1.3
Poison Magic   | 1 |  1.3
Dodging        | |  4.8
Stealth        | |  4.5
Ice Magic      | |  7.2

Action                   |  1- 3 |  4- 6 || total
-------------------------+-------+-------++-------
Melee: Unarmed           |    24 |    11 ||    35
       Bite              |     1 |       ||     1
 Fire: Hunting sling     |    14 |    97 ||   111
 Cast: Freeze            |    52 |     8 ||    60
       Frozen Ramparts   |       |     4 ||     4
 Stab: Sleeping          |     3 |     1 ||     4
Armor: Robe              |    10 |    14 ||    24
Dodge: Dodged            |    43 |    51 ||    94

Table legend: (Time is in decaauts)
 A = Elapsed time spent in this place.
 B = Non-inter-level travel time spent in this place.
 C = Inter-level travel time spent in this place.
 D = Time resting spent in this place.
 E = Time spent auto-exploring this place.
 F = Levels seen in this place.
 G = Mean time per level.
                   A        B        C        D        E       F      G
               +--------+--------+--------+--------+--------+-----+--------+
         Total |   3899 |   3845 |     54 |     30 |   3190 |   4 |  974.8 |
       Dungeon |   3899 |   3845 |     54 |     30 |   3190 |   4 |  974.8 |
               +--------+--------+--------+--------+--------+-----+--------+

Top non-repeatable levels by time:
     D:3: 1423 daAuts
     D:1: 1219 daAuts
     D:2: 774 daAuts
     D:4: 482 daAuts
